 Dungeon Crawl Stone Soup version 0.26-a0-665-gefeb406119 (webtiles) character file.

Game seed: 11473764304727718794

50 dickylongcocking the Stinger (level 3, 0/28 HPs)
             Began as a Naga Venom Mage on Oct 15, 2020.
             Slain by Natasha (1 damage)
             ... on level 2 of the Dungeon.
             The game lasted 00:01:43 (2271 turns).

dickylongcocking the Stinger (Naga Venom Mage)      Turns: 2271, Time: 00:01:44

Health: 0/28       AC:  8    Str:  7 (10) XL:     3   Next: 79%
Magic:  0/6        EV:  8    Int: 14 (16) God:
Gold:   124        SH:  0    Dex:  9 (11) Spells: 5/6 levels left

rFire    . . .     SeeInvis +   c - +0 dagger
rCold    . . .     Faith    .   (no shield)
rNeg     . . .     Spirit   .   a - +0 robe
rPois    +         Reflect  .   (no helmet)
rElec    .         Harm     .   (no cloak)
rCorr    .         Rampage  .   (no gloves)
MR       .....                  h - +2 barding
Stlth    ++........             (no amulet)
HPRegen  0.09/turn              (no ring)
MPRegen  0.10/turn              (no ring)

@: very slow
A: large, see invisible, deformed body, poison resistance, slowness 2, spit
poison 1, AC +1
a: Spit Poison


You were on level 2 of the Dungeon.
You visited 1 branch of the dungeon, and saw 2 of its levels.

You collected 124 gold pieces.

Inventory:

Hand Weapons
 c - a +0 dagger (weapon)
Armour
 a - a +0 robe (worn)
 h - a +2 barding (worn)
Scrolls
 b - 3 scrolls of identify {unknown}
 d - a scroll of blinking {unknown}
 f - 2 scrolls of remove curse {unknown}
 j - a scroll of noise {unknown}
 k - a scroll of teleportation {unknown}
 m - a scroll of immolation {unknown}
Potions
 e - a potion of degeneration
 g - a potion of resistance {unknown}
 i - 2 potions of curing {unknown}
 l - a potion of flight {unknown}


   Skills:
 - Level 1.5 Dodging
 - Level 3.0 Stealth
 - Level 2.0 Spellcasting
 - Level 1.0 Transmutations
 * Level 6.1 Poison Magic


You had 5 spell levels left.
You knew the following spells:

 Your Spells              Type           Power        Failure   Level
a - Sting                 Tmut/Pois      ##..         5%          1

Your spell library contained the following spells:

 Spells                   Type           Power        Failure   Level
 Poisonous Vapours        Pois/Air       ##....       10%         2
 Olgreb's Toxic Radiance  Pois           ###.....     19%         4
 Ignite Poison            Fire/Tmut/Pois #.......     26%         3
 Mephitic Cloud           Conj/Pois/Air  #.......     30%         3


Dungeon Overview and Level Annotations

Branches:
Dungeon (2/15)

Altars:

Annotations:
D:2 Natasha


Innate Abilities, Weirdness & Mutations

You cannot wear boots.
Your serpentine skin is tough. (AC +1)
You have supernaturally acute eyesight. (SInv)
Armour fits poorly on your strangely shaped body.
Your system is resistant to poisons. (rPois)
You cover ground very slowly.
You can spit poison.


Message History

Unknown command.
Casting: Sting (safe; 4% risk of failure)
Confirm with . or Enter, or press ? or * to list all spells.
You don't have enough magic to cast that spell.
Unknown command.
You hit Natasha but do no damage.
Natasha is heavily wounded.
Natasha claws you!
You hit Natasha.
Natasha is severely wounded.
Natasha stares at you and mumbles some strange words.
The magic dart hits you!
* * * LOW HITPOINT WARNING * * *
Unknown command.
It was a potion of degeneration.
There was something very wrong with that liquid.
You feel weakened.
You feel dopey.
You feel clumsy.
You have got your breath back.
Natasha claws you.
You die...

#.#..<...##.#
#.#.##.#....######
#.#....#.##......#
#.#########......#
#................#
###########......#
######### #....#####
#.......###....####
#....@h...5.......#
#.................####
#.................#...
#.................#...
#.................#...
#.................#...
#.................#...
#.................#.#.
........>......


You could see Natasha (very poisoned) and a crimson imp (summoned).

Vanquished Creatures
  Natasha (D:2)
  An ooze (D:1)
  A worm (D:2)
  5 bats
  3 giant cockroaches (D:1)
  A frilled lizard (D:1)
  4 goblins
  2 kobolds (D:1)
  3 rats
21 creatures vanquished.

Vanquished Creatures (others)
  A plant (D:1)
1 creature vanquished.

Grand Total: 22 creatures vanquished

Notes
Turn   | Place    | Note
-------+----------+-------------------------------------------
     0 | D:1      | dickylongcocking the Naga Venom Mage began the quest for
                  | the Orb.
     0 | D:1      | Reached XP level 1. HP: 15/15 MP: 3/3
   650 | D:1      | Reached XP level 2. HP: 10/22 MP: 0/5
   999 | D:1      | Reached skill level 5 in Poison Magic
  2039 | D:2      | Reached XP level 3. HP: 19/28 MP: 1/6
  2252 | D:2      | Noticed Natasha
  2259 | D:2      | Killed Natasha
  2259 | D:2      | Reached skill level 6 in Poison Magic
  2260 | D:2      | Noticed Natasha
  2270 | D:2      | HP: 1/28 [Natasha/magic dart (10)]
  2271 | D:2      | Slain by Natasha

Illustrated notes

Levels and vault maps discovered:
D:1:      dpeg_arrival_orchard, layout_basic, grunt_decor_mini_mirrors
D:2:      layout_basic, uniq_natasha

Skill      XL: |  1  2  3 |
---------------+----------+-----
Poison Magic   | 5 6 |  6.1
Dodging        | |  1.5
Stealth        | |  3.0
Spellcasting   | |  2.0
Transmutations | |  1.0

Action                   || total
-------------------------++-------
Melee: Dagger            ||    21
 Cast: Sting             ||    41
 Abil: Spit Poison       ||     7
  Use: Potion            ||     1
 Stab: Sleeping          ||     1
Armor: Robe              ||    13
Dodge: Dodged            ||    24

Table legend: (Time is in decaauts)
 A = Elapsed time spent in this place.
 B = Non-inter-level travel time spent in this place.
 C = Inter-level travel time spent in this place.
 D = Time resting spent in this place.
 E = Time spent auto-exploring this place.
 F = Levels seen in this place.
 G = Mean time per level.
                   A        B        C        D        E       F      G
               +--------+--------+--------+--------+--------+-----+--------+
         Total |   2705 |   2634 |     71 |    886 |   1428 |   2 | 1352.5 |
       Dungeon |   2705 |   2634 |     71 |    886 |   1428 |   2 | 1352.5 |
               +--------+--------+--------+--------+--------+-----+--------+

Top non-repeatable levels by time:
     D:1: 1777 daAuts
     D:2: 928 daAuts
